 Dungeon Crawl Stone Soup version 0.31-a0-221-gbddc013574 (webtiles) character file.

Game seed: 10874871768906797976

2984 qw the Cleaver (level 9, -4/55 HPs)
             Began as a Gargoyle Fighter on July 3, 2023.
             Was an Initiate of Okawaru.
             Killed by divine providence
             ... invoked by an orc priest
              (16 damage)
             ... on level 7 of the Dungeon.
             The game lasted 00:03:47 (6519 turns).

qw the Cleaver (Gargoyle Fighter)                   Turns: 6519, Time: 00:03:48

Health: -4/55      AC: 24    Str: 25    XL:     9   Next: 83%
Magic:  9/9        EV: 11    Int:  8    God:    Okawaru [......]
Gold:   389        SH:  9    Dex:  9    Spells: 8/8 levels left

rFire   . . .        Y - +0 war axe (freeze)
rCold   . . .        j - +0 kite shield
rNeg    + . .        q - +0 plate armour
rPois   inf          k - +1 helmet
rElec   +            (no cloak)
rCorr   .            s - +1 pair of gloves
SInv    .            n - +0 pair of boots
Will    .....        (no amulet) Stlth
                     c - +5 ring of evasion
HPRegen 0.29/turn    (no ring)
MPRegen 0.11/turn

%: no passive effects
@: no status effects
A: sickness immunity, AC +6, negative energy resistance 1, electricity
resistance, torment resistance 1, petrification resistance
a: Renounce Religion


You were on level 7 of the Dungeon.
You worshipped Okawaru.
Okawaru was noncommittal.
You visited 2 branches of the dungeon, and saw 8 of its levels.

You collected 389 gold pieces.


Innate Abilities, Weirdness & Mutations

You are immune to sickness and miasma.
Your stone body is resilient. (AC +6)
You are immune to poison.
You resist negative energy. (rN+)
You are resistant to electric shocks. (rElec)
You are resistant to unholy torment.
You are immune to petrification.


   Skills:
 - Level 6.0 Fighting
 - Level 9.0 Axes
 - Level 1.0 Throwing
 + Level 5.0 Armour
 - Level 1.5 Dodging
 - Level 8.2 Shields


You had 8 spell levels left.
You didn't know any spells.
Your spell library was empty.

Inventory:

Hand Weapons
 e - a +0 morningstar
 Y - a +0 war axe of freezing (weapon)
Missiles
 m - 2 boomerangs (quivered)
Armour
 j - a +0 kite shield (worn)
 k - a +1 helmet (worn)
 n - a +0 pair of boots (worn)
 q - a +0 plate armour (worn)
 s - a +1 pair of gloves (worn)
Jewellery
 c - a +5 ring of evasion (left hand)
Scrolls
 b - a scroll of teleportation
Potions
 a - a potion of haste {unknown}
 d - 2 potions of might
 f - a potion of attraction {unknown}
 g - a potion of brilliance {unknown}
 h - 2 potions of heal wounds
 l - a potion of resistance {unknown}
 o - 3 potions of curing
 p - a potion of invisibility {unknown}
 r - a potion of enlightenment {unknown}

Dungeon Overview and Level Annotations

Branches:
Dungeon (7/15)             Temple (1/1) D:7

Altars:
Ashenzari
Elyvilon
Gozag
Hepliaklqana
Kikubaaqudgha
Makhleb
Nemelex Xobeh
Okawaru
Qazlal
Ru
Trog
Uskayaw
Vehumet
Wu Jian
Xom
Yredelemnul
Zin

Annotations:
D:5 exclusion: dart slug


Message History

You hit the orc warrior. You freeze the orc warrior.
You block the orc warrior's attack.
The orc priest invokes the aid of Beogh against you.
Beogh smites you! The orc hits you but does no damage.
Your Axes skill increases to level 9!
6515 ||| DRINKING 3 potions of heal wounds.
You feel much better.
Your surroundings suddenly seem different.
The orc hits you but does no damage.
Enter note:
Enter note:
Enter note:
Enter note:
Enter note:
Enter note:
Enter note:
Enter note:
Enter note: You closely miss the orc priest.
You hit the orc. You freeze the orc.
You kill the orc!
Okawaru accepts your kill. You block the orc priest's attack.
You barely miss the orc priest. You slash the orc! You freeze the orc.
You kill the orc!
Okawaru accepts your kill.
You closely miss the orc. The orc warrior barely misses you.
The orc priest mumbles some strange prayers to Beogh against you.
Beogh smites you! You block the orc's attack.
You closely miss the orc priest. You barely miss the orc.
You block the orc warrior's attack.
The orc priest hits you but does no damage.
The orc hits you but does no damage.
You slash the orc priest! You freeze the orc priest.
The orc priest is severely wounded.
You barely miss the orc.
The orc warrior hits you from afar with a +0 trident.
The orc priest invokes the aid of Beogh against you.
Beogh smites you!
You die...

# ## .#..#. #....# .#....
.....# ####....#
##...###..)..# ###
##......#.@o..### #.##
##.......#.#o......
...###........)o)).#....
[..##...........ยค#....#.
....#............#....
.#..#..##........####...
###.#.####......### ..#
......##............ .#
.....###...#....#...#


You could see an orc warrior, an orc priest and an orc.

Vanquished Creatures
  A wyvern (D:7)
  A steam dragon (D:6)
  Menkaure (D:4)
  A water moccasin (D:6)
  Duvessa (D:4)
  3 black bears
  2 orc warriors
  A sky beast (D:7)
  An ice beast (D:6)
  3 ogres
  A phantom (D:6)
  A bullfrog (D:7)
  A gnoll sergeant (D:6)
  3 scorpions
  Dowan (D:4)
  A howler monkey (D:7)
  4 hounds
  4 orc priests
  A jelly (D:7)
  2 iguanas
  5 sleepcaps
  Natasha (thrice) (D:4)
  5 orc wizards
  Robin (D:2)
  4 gnolls (D:6)
  19 adders
  An ufetubus (D:6)
  2 worms (D:2)
  4 dart slugs
  22 orcs
  8 endoplasms
  6 giant cockroaches
  13 goblins
  10 hobgoblins
  2 jackals (D:1)
  8 kobolds
  5 quokkas
  15 ball pythons
  6 bats
  4 frilled lizards
  6 rats
183 creatures vanquished.

Notes
Turn   | Place    | Note
-------+----------+-------------------------------------------
     0 | D:1      | qw the Gargoyle Fighter began the quest for the Orb.
     0 | D:1      | Reached XP level 1. HP: 14/14 MP: 1/1
     0 | D:1      | 0 ||| qw: Version: 0.3-a-40-ge99b1a8
     0 | D:1      | 0 ||| qw: Game counter: 523
     0 | D:1      | 0 ||| qw: Melee chars always use a shield: true
     0 | D:1      | 0 ||| qw: God list: Okawaru
     0 | D:1      | 0 ||| qw: Allow faded altars: false
     0 | D:1      | 0 ||| qw: Do Orc after clearing Dungeon:15 true
     0 | D:1      | 0 ||| qw: Do second Lair branch before Depths: true
     0 | D:1      | 0 ||| qw: Lair rune preference: random
     0 | D:1      | 0 ||| qw: Goals: Normal, Zot:1-4, Slime:5, God:TSO, Crypt,
                  | Tomb, Abyss, Pan, Hells, Win
     0 | D:1      | 0 ||| PLANNING D:1-11
    99 | D:1      | Reached skill level 2 in Axes
   233 | D:1      | Reached XP level 2. HP: 19/19 MP: 2/2
   333 | D:1      | 333 ||| Stepping ~*~*~tactically~*~*~ (stealth).
   443 | D:1      | 443 ||| Stepping ~*~*~tactically~*~*~ (stealth).
   444 | D:1      | 444 ||| Stepping ~*~*~tactically~*~*~ (stealth).
   451 | D:1      | Reached skill level 3 in Axes
   464 | D:1      | 464 ||| Stepping ~*~*~tactically~*~*~ (hiding).
   473 | D:1      | Reached XP level 3. HP: 23/23 MP: 3/3
   975 | D:1      | 975 ||| READING scroll labelled SIORAQ KUGG.
   978 | D:1      | 978 ||| READING scroll labelled CEUSET OCYAF.
  1269 | D:2      | Reached XP level 4. HP: 28/28 MP: 4/4
  1352 | D:2      | Reached skill level 4 in Axes
  1444 | D:2      | Noticed Robin
  1445 | D:2      | 1445 ||| Stepping ~*~*~tactically~*~*~ (hiding).
  1455 | D:2      | Killed Robin
  1460 | D:2      | 1460 ||| Stepping ~*~*~tactically~*~*~ (stealth).
  1461 | D:2      | 1461 ||| Stepping ~*~*~tactically~*~*~ (stealth).
  1550 | D:2      | Found a burning altar of Makhleb.
  1648 | D:2      | 1648 ||| UPGRADING to +0 chain mail.
  1658 | D:2      | 1658 ||| DROPPING +0 scale mail.
  1659 | D:2      | 1659 ||| UPGRADING to +0 kite shield.
  1669 | D:2      | 1669 ||| DROPPING +0 buckler.
  1670 | D:2      | 1670 ||| UPGRADING to +0 helmet.
  1675 | D:2      | 1675 ||| DRINKING 2 clear potions.
  1707 | D:3      | Reached XP level 5. HP: 31/32 MP: 5/5
  1963 | D:3      | 1963 ||| Stepping ~*~*~tactically~*~*~ (stealth).
  2088 | D:3      | 2088 ||| Stepping ~*~*~tactically~*~*~ (stealth).
  2135 | D:3      | Reached XP level 6. HP: 29/37 MP: 6/6
  2377 | D:3      | 2377 ||| Stepping ~*~*~tactically~*~*~ (stealth).
  2379 | D:3      | 2379 ||| Stepping ~*~*~tactically~*~*~ (hiding).
  2402 | D:3      | 2402 ||| READING scroll labelled TULUJYTAFE.
  2403 | D:3      | 2403 ||| READING scroll labelled ZIPICSU OTIEQ.
  2404 | D:3      | 2404 ||| READING scroll labelled WINOKO ATIMA.
  2412 | D:3      | 2412 ||| READING scroll labelled UNOEGO UPLUSCHU.
  2413 | D:3      | 2413 ||| DRINKING 2 metallic inky potions.
  2461 | D:3      | 2461 ||| DRINKING 2 fizzy black potions.
  2462 | D:3      | 2462 ||| DROPPING potion of berserk rage.
  2502 | D:3      | 2502 ||| DROPPING +0 whip.
  2514 | D:3      | 2514 ||| DROPPING +0 flail.
  2640 | D:4      | 2640 ||| Stepping ~*~*~tactically~*~*~ (hiding).
  2796 | D:4      | Reached skill level 5 in Axes
  2849 | D:4      | Noticed a black bear
  2858 | D:4      | Killed a black bear
  2859 | D:4      | Reached XP level 7. HP: 36/44 MP: 7/7
  2988 | D:4      | 2988 ||| Stepping ~*~*~tactically~*~*~ (stealth).
  3039 | D:4      | Noticed Menkaure
  3045 | D:4      | Killed Menkaure
  3046 | D:4      | Reached skill level 6 in Shields
  3101 | D:4      | Noticed Natasha
  3118 | D:4      | Killed Natasha
  3480 | D:4      | Reached skill level 6 in Axes
  3481 | D:4      | Reached skill level 1 in Dodging
  3591 | D:4      | Noticed Natasha
  3595 | D:4      | Killed Natasha
  3596 | D:4      | Reached XP level 8. HP: 44/48 MP: 8/8
  3613 | D:4      | Noticed Dowan
  3614 | D:4      | Noticed Duvessa
  3625 | D:4      | Killed Dowan
  3632 | D:4      | Killed Duvessa
  3936 | D:4      | 3936 ||| UPGRADING to +0 pair of boots.
  3941 | D:4      | 3941 ||| UPGRADING to +5 ring of evasion.
  3942 | D:4      | 3942 ||| READING scroll labelled CUVESHAMUXT.
  3943 | D:4      | 3943 ||| READING scroll labelled EWKI XIPUEWK.
  3959 | D:4      | Noticed Natasha
  3966 | D:4      | Killed Natasha
  3969 | D:5      | Entered Level 5 of the Dungeon
  4013 | D:5      | Reached skill level 7 in Axes
  4028 | D:5      | Found a broken altar of Ashenzari.
  4253 | D:5      | 4253 ||| DRINKING 3 potions of curing.
  4253 | D:5      | 4253 ||| (to cure confusion)
  4561 | D:5      | 4561 ||| DRINKING 2 potions of curing.
  4561 | D:5      | 4561 ||| (to cure confusion)
  4697 | D:5      | Found a sacrificial altar of Ru.
  5073 | D:5      | 5073 ||| READING scroll labelled VOUMAO JIMMU.
  5112 | D:6      | Reached skill level 1 in Throwing
  5205 | D:6      | 5205 ||| Stepping ~*~*~tactically~*~*~ (hiding).
  5216 | D:6      | Reached skill level 8 in Axes
  5216 | D:6      | Reached XP level 9. HP: 54/54 MP: 9/9
  5322 | D:6      | 5322 ||| Stepping ~*~*~tactically~*~*~ (hiding).
  5382 | D:6      | Reached skill level 6 in Fighting
  5390 | D:6      | HP: 13/55 [gnoll sergeant/+0 spear (4)]
  5391 | D:6      | 5391 ||| READING 3 scrolls of teleportation.
  5393 | D:6      | 5393 ||| DRINKING 3 potions of heal wounds.
  5480 | D:6      | 5480 ||| READING scroll of enchant armour.
  5480 | D:6      | 5480 ||| ENCHANTING +0 helmet.
  5652 | D:6      | 5652 ||| Stepping ~*~*~tactically~*~*~ (stealth).
  5994 | D:6      | 5994 ||| UPGRADING to +0 plate armour.
  6004 | D:6      | 6004 ||| DROPPING +0 chain mail.
  6005 | D:6      | 6005 ||| UPGRADING to +0 pair of gloves.
  6104 | D:7      | Found a radiant altar of Vehumet.
  6111 | D:7      | 6111 ||| Stepping ~*~*~tactically~*~*~ (stealth).
  6162 | D:7      | Found a basalt altar of Yredelemnul.
  6168 | D:7      | 6168 ||| READING scroll of enchant armour.
  6168 | D:7      | 6168 ||| ENCHANTING +0 pair of gloves.
  6187 | D:7      | Found a staircase to the Ecumenical Temple.
  6188 | D:7      | 6188 ||| PLANNING TEMPLE
  6193 | Temple   | Entered the Ecumenical Temple
  6305 | Temple   | 6305 ||| PLANNING OKAWARU WORSHIP
  6425 | Temple   | Became a worshipper of Warmaster Okawaru
  6426 | Temple   | 6426 ||| PLANNING D:1-11
  6512 | D:7      | HP: 13/55 [orc priest/divine providence (11)]
  6513 | D:7      | 6513 ||| READING 2 scrolls of teleportation.
  6514 | D:7      | HP: 2/55 [orc priest/divine providence (12)]
  6515 | D:7      | Reached skill level 9 in Axes
  6515 | D:7      | 6515 ||| DRINKING 3 potions of heal wounds.
  6519 | D:7      | HP: 12/55 [orc warrior/+0 trident (3)]
  6519 | D:7      | Killed from afar by an orc priest

Levels and vault maps discovered:
D:1:      nicolae_arrival_memento_mori, layout_basic, fountainhead,
          minmay_fountain_box, kennysheep_another_room, minmay_indecisive_spiral
D:2:      layout_basic, basic_altar, minmay_increasing_density, uniq_robin
D:3:      layout_rooms, serial_aquarium, aquarium_bridge_square
          [aquarium_subvault_balcony, aquarium_subvault_bridge,
          aquarium_subvault_wall, aquarium_subvault_wall],
          aquarium_bridge_square [aquarium_subvault_balcony,
          aquarium_subvault_bridge, aquarium_subvault_wall,
          aquarium_subvault_window], aquarium_window_1, aquarium_window_3,
          aquarium_view_2a, minmay_misc_feat_iff, minmay_snake_closets
D:4:      layout_loops_corners, uniq_duvessa, uniq_menkaure, uniq_natasha
D:5:      layout_cave_pods, nicolae_ru_the_path_less_chosen,
          mainiacjoe_overflow_brackets, st_stairs_14
D:6:      layout_cave_pods
D:7:      layout_cave_pools, mainiacjoe_overflow_paths,
          overflow_temple_1_default, minmay_temple_entry_tees
Temple:   nicolae_temple_figure_eight

Skill      XL: |  1  2  3  4  5  6  7  8  9 |
---------------+----------------------------+-----
Axes           | 2 3 4 5 6 8 9 |  9.0
Shields        | 5 6 7 8 |  8.2
Fighting       | 4 5 6 |  6.0
Dodging        | 1 |  1.5
Throwing       | 1 |  1.0
Armour         | 5 |  5.0

Action                     |  1- 3 |  4- 6 |  7- 9 || total
---------------------------+-------+-------+-------++-------
  Melee: War axe           |   138 |   211 |   334 ||   683
  Throw: Boomerang         |       |       |    43 ||    43
    Use: Scroll            |     2 |     4 |     7 ||    13
         Potion            |       |     3 |     4 ||     7
 Armour: Scale mail        |    77 |    14 |       ||    91
         Chain mail        |       |   109 |   150 ||   259
         Plate armour      |       |       |    27 ||    27
  Dodge: Dodged            |    63 |    71 |   142 ||   276
  Block: Buckler           |    20 |     6 |       ||    26
         Kite shield       |       |    91 |   172 ||   263

Table legend:
 A = Non-vault XP
 B = Vault XP
 C = Vault XP percentage of total XP
 D = Non-vault monster count
 E = Vault monster count
 F = Vault count percentage of total count
                 A         B        C        D         E       F
            +---------+---------+-------+---------+---------+-------
      Total |    3672 |     592 |  13.9 |     146 |      37 |  20.2
            +---------+---------+-------+---------+---------+-------
        D:1 |      35 |       9 |  20.5 |      21 |       4 |  16.0
        D:2 |      54 |      59 |  52.2 |      18 |      18 |  50.0
        D:3 |     147 |      95 |  39.3 |      23 |      10 |  30.3
        D:4 |     680 |     416 |  38.0 |      24 |       4 |  14.3
        D:5 |     656 |      13 |   1.9 |      17 |       1 |   5.6
        D:6 |    1228 |       0 |   0.0 |      26 |       0 |   0.0
        D:7 |     872 |       0 |   0.0 |      17 |       0 |   0.0
            +---------+---------+-------+---------+---------+-------
